 Dungeon Crawl Stone Soup version 0.31-a0-233-g139696dc86 (webtiles) character file.

Game seed: 3063400633516345392

102 qw the Shooter (level 4, -6/26 HPs)
             Began as a Gargoyle Hexslinger on July 8, 2023.
             Mangled by Grinder (8 damage)
             ... on level 3 of the Dungeon.
             The game lasted 00:00:47 (1912 turns).

qw the Shooter (Gargoyle Hexslinger)                Turns: 1912, Time: 00:00:48

Health: -6/26      AC:  9    Str: 12    XL:     4   Next: 77%
Magic:  5/5        EV: 10    Int: 13    God:
Gold:   81         SH:  0    Dex: 14    Spells: 4/5 levels left

rFire   . . .        Y - +1 sling
rCold   . . .        (no shield)
rNeg    + . .        f - +0 ring mail
rPois   inf          (no helmet)
rElec   +            i - +0 cloak
rCorr   .            (no gloves)
SInv    .            (no boots)
Will    .....        a - amulet of faith
Stlth   +            (no ring)
HPRegen 0.24/turn    (no ring)
MPRegen 0.09/turn

%: faith
@: about to teleport
A: sickness immunity, AC +3, negative energy resistance 1, electricity
resistance, torment resistance 1, petrification resistance
a: no special abilities


You were on level 3 of the Dungeon.
You visited 1 branch of the dungeon, and saw 3 of its levels.

You collected 81 gold pieces.


Innate Abilities, Weirdness & Mutations

You are immune to sickness and miasma.
Your stone body is resilient. (AC +3)
You are immune to poison.
You resist negative energy. (rN+)
You are resistant to electric shocks. (rElec)
You are resistant to unholy torment.
You are immune to petrification.


   Skills:
 - Level 2.0 Fighting
 + Level 4.3 Ranged Weapons
 - Level 1.2 Armour
 - Level 1.5 Dodging
 - Level 1.0 Spellcasting
 - Level 2.6 Hexes


You had 4 spell levels left.
You knew the following spells:

 Your Spells              Type           Power      Damage    Failure   Level
a - Slow                  Hex            28%        N/A       22%         1

Your spell library contained the following spells:

 Spells                   Type           Power      Damage    Failure   Level
 Inner Flame              Hex/Fire       4%         N/A       73%         3
 Portal Projectile        Hex/Tloc       8%         N/A       73%         3
 Cause Fear               Hex            3%         N/A       91%         4

Inventory:

Hand Weapons
 Y - a +1 sling (weapon)
Armour
 f - a +0 ring mail (worn)
 i - a +0 cloak (worn)
Jewellery
 a - an amulet of faith (around neck)
 d - an amulet of the acrobat
Scrolls
 g - 2 scrolls of identify
 j - a scroll of teleportation
Potions
 b - a potion of heal wounds

Dungeon Overview and Level Annotations

Branches:
Dungeon (3/15)

Altars:

Annotations:
D:3 Grinder


Message History

Grinder blinks!
You shoot a sling bullet. The sling bullet hits Grinder.
Grinder is lightly wounded.
You shoot a sling bullet.
The sling bullet hits Grinder but does no damage.
Grinder is lightly wounded.
Grinder blinks!
You shoot a sling bullet.
The sling bullet closely misses Grinder.
You shoot a sling bullet. The sling bullet hits Grinder.
Grinder is moderately wounded.
Grinder hits you but does no damage. Grinder closely misses you.
You shoot a sling bullet. The sling bullet hits Grinder.
Grinder is moderately wounded.
Grinder gestures at you. Pain shoots through your body!
You shoot a sling bullet. The sling bullet barely misses Grinder.
Grinder gestures at you. You resist with significant effort.
You shoot a sling bullet. The sling bullet barely misses Grinder.
Grinder gestures at you. You resist with significant effort. Grinder hits you.
You writhe in agony.
You shoot a sling bullet.
The sling bullet closely misses Grinder.
Grinder gestures at you. You resist with significant effort.
You shoot a sling bullet. The sling bullet hits Grinder.
Grinder is moderately wounded.
Grinder completely misses you.
You shoot a sling bullet.
The sling bullet closely misses Grinder.
Grinder hits you.
You writhe in agony.
You shoot a sling bullet.
The sling bullet closely misses Grinder.
Grinder hits you.
You writhe in agony.
Grinder hits you but does no damage.
1912 ||| READING 2 scrolls of teleportation.
As you read the scroll of teleportation, it crumbles to dust.
You feel strangely unstable. Grinder hits you!
You die...

#.# #.# #.# ##
##.###### #.
#.))....# ..
#####..####.# #.
#........#
#?###..#.# #@#
#..#...
......5...#.......
#######.#.##.######
#.#.##.# #.. ..>#
### ####


You could see Grinder.

Vanquished Creatures
  An orc wizard (D:2)
  An adder (D:2)
  2 dart slugs (D:2)
  5 orcs
  2 bats (D:1)
  6 endoplasms
  5 giant cockroaches (D:1)
  5 goblins
  5 hobgoblins
  8 kobolds
  3 quokkas
  5 ball pythons
  3 frilled lizards (D:1)
  5 rats
56 creatures vanquished.

Notes
Turn   | Place    | Note
-------+----------+-------------------------------------------
     0 | D:1      | qw the Gargoyle Hexslinger began the quest for the Orb.
     0 | D:1      | Reached XP level 1. HP: 12/12 MP: 2/2
     0 | D:1      | 0 ||| qw: Version: 0.3-a-46-gb1f654a
     0 | D:1      | 0 ||| qw: Game counter: 3574
     0 | D:1      | 0 ||| qw: Melee chars always use a shield: true
     0 | D:1      | 0 ||| qw: God list: Okawaru
     0 | D:1      | 0 ||| qw: Allow faded altars: false
     0 | D:1      | 0 ||| qw: Do Orc after clearing Dungeon:15 true
     0 | D:1      | 0 ||| qw: Do second Lair branch before Depths: true
     0 | D:1      | 0 ||| qw: Lair rune preference: random
     0 | D:1      | 0 ||| qw: Goals: Normal
     0 | D:1      | 0 ||| PLANNING D:1-11
    99 | D:1      | Reached XP level 2. HP: 16/16 MP: 3/3
   219 | D:1      | Reached skill level 3 in Ranged Weapons
   293 | D:1      | You fall into a shaft and drop 1 floor!
   313 | D:2      | 313 ||| UPGRADING to amulet of the acrobat.
   318 | D:2      | 318 ||| READING 3 scrolls labelled NILIOTZIARO.
   319 | D:2      | 319 ||| READING scroll labelled NIQUZA ELON.
   320 | D:2      | 320 ||| READING 3 scrolls labelled API XUIPNEIS.
   321 | D:2      | 321 ||| DROPPING 2 scrolls of immolation.
   322 | D:2      | 322 ||| DROPPING scroll of poison.
   370 | D:1      | Reached XP level 3. HP: 21/21 MP: 4/4
   860 | D:1      | 860 ||| UPGRADING to +0 ring mail.
   870 | D:1      | 870 ||| DROPPING +0 robe.
   871 | D:1      | 871 ||| UPGRADING to +0 cloak.
   876 | D:1      | 876 ||| UPGRADING to amulet of faith.
   886 | D:1      | 886 ||| READING scroll labelled TAYDDU YBYU.
   887 | D:1      | 887 ||| READING scroll labelled QYVELI LERCH.
   891 | D:1      | 891 ||| READING 2 scrolls of identify.
   891 | D:1      | 891 ||| IDENTIFYING fizzy green potion
   981 | D:2      | Reached skill level 1 in Armour
  1269 | D:2      | Reached XP level 4. HP: 23/26 MP: 5/5
  1605 | D:2      | 1605 ||| READING 2 scrolls labelled TYDORR APIE.
  1606 | D:2      | 1606 ||| READING scroll labelled SOPPUE MACVUNI.
  1607 | D:2      | 1607 ||| DRINKING 2 murky green potions.
  1608 | D:2      | 1608 ||| DROPPING scroll of noise.
  1660 | D:3      | 1660 ||| FLEEEEING.
  1663 | D:3      | 1663 ||| FLEEEEING.
  1664 | D:3      | 1664 ||| FLEEEEING.
  1665 | D:3      | 1665 ||| FLEEEEING.
  1667 | D:3      | 1667 ||| FLEEEEING.
  1672 | D:3      | 1672 ||| FLEEEEING.
  1673 | D:3      | 1673 ||| FLEEEEING.
  1674 | D:3      | 1674 ||| FLEEEEING.
  1675 | D:3      | 1675 ||| FLEEEEING.
  1676 | D:3      | 1676 ||| DRINKING potion of curing.
  1676 | D:3      | 1676 ||| (to cure confusion)
  1681 | D:3      | 1681 ||| FLEEEEING.
  1682 | D:3      | 1682 ||| STAIRDANCE
  1691 | D:2      | Reached skill level 4 in Ranged Weapons
  1758 | D:3      | 1758 ||| STAIRDANCE
  1891 | D:3      | Noticed Grinder
  1893 | D:3      | Paralysed by Grinder for 4 turns
  1911 | D:3      | HP: 4/26 [Grinder (5)]
  1912 | D:3      | 1912 ||| READING 2 scrolls of teleportation.
  1912 | D:3      | Mangled by Grinder

Levels and vault maps discovered:
D:1:      dpeg_arrival_shelter, layout_basic
D:2:      layout_loops_ring, minivault_19
D:3:      layout_loops_cross, uniq_grinder

Skill      XL: |  1  2  3  4 |
---------------+-------------+-----
Ranged Weapons | 3 4 |  4.3
Fighting       | 2 |  2.0
Armour         | 1 |  1.2
Dodging        | |  1.5
Spellcasting   | |  1.0
Hexes          | |  2.6

Action                     |  1- 3 |  4- 6 || total
---------------------------+-------+-------++-------
   Fire: Sling             |   108 |    61 ||   169
    Use: Scroll            |     6 |     3 ||     9
         Potion            |       |     2 ||     2
 Armour: Robe              |    12 |       ||    12
         Ring mail         |     1 |    19 ||    20
  Dodge: Dodged            |    26 |    12 ||    38

Table legend:
 A = Non-vault XP
 B = Vault XP
 C = Vault XP percentage of total XP
 D = Non-vault monster count
 E = Vault monster count
 F = Vault count percentage of total count
                 A         B        C        D         E       F
            +---------+---------+-------+---------+---------+-------
      Total |     146 |       0 |   0.0 |      56 |       0 |   0.0
            +---------+---------+-------+---------+---------+-------
        D:1 |      45 |       0 |   0.0 |      26 |       0 |   0.0
        D:2 |      82 |       0 |   0.0 |      20 |       0 |   0.0
        D:3 |      19 |       0 |   0.0 |      10 |       0 |   0.0
            +---------+---------+-------+---------+---------+-------
